Cogmind - Beta 13 @@@ ROGUE MODE // 2024.07.12 @ 21:16:06 Player: Lunace Result: Destroyed by 8R-AWN with 8R-AWN's Boregun Performance ------------- Evolutions (1) 500 Regions Visited (5) 1000 Robots Destroyed (16) 80 Value Destroyed (230) 230 Prototype IDs (6) 120 Alien Tech Used (0) 0 Bonus (-253) -253 TOTAL SCORE: 1677 Bonus ------- High Alert Combat Kills 11 Friendly Fire -264 Cogmind --------- Core Integrity 0/400 Matter 73/300 Energy 100/100 System Corruption 0% Temperature Cool (0) Movement Core (150) Ox2 Location -9/Exiles Parts ------- > --- POWER (1) -------- (None) > --- PROPULSION (2) --- (None) > --- UTILITY (3) ------ Small Storage Unit > --- WEAPON (3) ------- Heavy Assault Rifle > --- INVENTORY (8) ---- Disposable Heat Sink Disposable Heat Sink Experimental Sensor Array Seismic Detector Peak State ------------ > --- POWER ------------ Ion Engine > --- PROPULSION ------- Light Treads Light Treads > --- UTILITY ---------- Small Storage Unit Decoy Drone Bay > --- WEAPON ----------- Heavy Assault Rifle Heavy Assault Rifle Heavy Assault Rifle > --- INVENTORY -------- Ion Engine Armored Wheel Disposable Heat Sink Experimental Sensor Array Heavy Assault Rifle Mini Grenade Launcher Mini Grenade Launcher [Rating: 26] Favorites ----------- Power Ion Engine Engine Ion Engine Propulsion Light Treads Treads Light Treads Utility Small Storage Unit Device Seismic Detector Storage Small Storage Unit Protection Light Armor Plating Weapon Heavy Assault Rifle Ballistic Gun Heavy Assault Rifle Launcher Mini Grenade Launcher Slashing Weapon Makeshift Axe Build | -11 -10 -10 -9 -9 -9 ------- Run | Yrd Mat Min Mat Min Exi Slots Evolved 2 | . . . 2 . . Power . | . . . . . . Propulsion . | . . . . . . Utility 1 | . . . 1 . . Weapon 1 | . . . 1 . . Parts Attached 28 | 7 2 . 13 . 6 Power 2 | 1 . . 1 . . Engine 2 | 1 . . 1 . . Core . | . . . . . . Reactor . | . . . . . . Propulsion 5 | 2 . . 2 . 1 Treads 5 | 2 . . 2 . 1 Leg . | . . . . . . Wheel . | . . . . . . Hover . | . . . . . . Flight . | . . . . . . Utility 8 | 2 . . 5 . 1 Device 5 | 1 . . 4 . . Storage 1 | 1 . . . . . Processor . | . . . . . . Hackware . | . . . . . . Protection 2 | . . . 1 . 1 Artifact . | . . . . . . Weapon 13 | 2 2 . 5 . 4 Energy Gun . | . . . . . . Energy Cannon . | . . . . . . Ballistic Gun 9 | 2 2 . 4 . 1 Ballistic Cannon . | . . . . . . Launcher 3 | . . . 1 . 2 Special Weapon . | . . . . . . Impact Weapon . | . . . . . . Slashing Weapon 1 | . . . . . 1 Piercing Weapon . | . . . . . . Special Melee Weapon . | . . . . . . Unidentified Prototypes 1 | . . . 1 . . Parts Lost 12 | . . . 1 . 11 Power 1 | . . . . . 1 Propulsion 3 | . . . . . 3 Utility 2 | . . . . . 2 Weapon 6 | . . . 1 . 5 Highest Loss Streak 11 | . . . 1 . 11 To Critical Strikes 3 | . . . . . 3 Average Slot Usage (%) 95 | . 100 100 91 100 89 Engine 11 | . 14 14 11 11 9 Treads 23 | . 28 28 22 22 19 Device 11 | . 14 14 11 11 7 Storage 11 | . 14 14 11 11 11 Protection 5 | . . . 3 11 11 Ballistic Gun 30 | . 28 28 32 33 27 Naked Turns . | . . . . . . Heaviest Build 33 | 15 17 17 33 25 27 Greatest Support 46 | 40 40 40 46 46 46 Greatest Overweight (x) . | . . . . . . Average Overweight (x) . | . . . . . . Largest Inventory Capacity 8 | 8 8 8 8 8 8 Average Capacity 7 | 7 8 8 8 8 8 Most Carried 8 | 3 8 8 8 8 8 Average Carried 6 | 2 4 7 7 7 7 Final Capacity 8 | 8 8 8 8 8 8 Final Carried 8 | 3 7 8 7 8 4 Class Distribution -------------------- 40% | Mutant 32% | Scavenger-Tank 21% | Gunner 4% | Tank Dominant Class ---------------- Mutant | -10/Materials Mutant | -10/Mines Gunner | -9/Materials Scavenger-Tank | -9/Mines Scavenger-Tank | -9/Exiles Resources | -11 -10 -10 -9 -9 -9 ----------- Run | Yrd Mat Min Mat Min Exi Matter Collected 488 | 288 . 15 126 59 . Remotely . | . . . . . . Salvage Created 356 | 113 . . 179 59 5 Parts 39 | 6 . . 24 9 . Haulers Intercepted . | . . . . . . Recyclers Shooed 1 | 1 . . . . . Parts Field Recycled . | . . . . . . Retrieved Matter . | . . . . . . Parts Self-Destructed . | . . . . . . Prevented . | . . . . . . Kills | -11 -10 -10 -9 -9 -9 ------- Run | Yrd Mat Min Mat Min Exi Combat Hostiles Destroyed 18 | . . . 9 4 5 Guns 9 | . . . 5 4 . AOE 9 | . . . 4 . 5 Classes Destroyed 5 | 2 . . 2 . 1 Tunneler 2 | 1 . . 1 . . Recycler 1 | 1 . . . . . Swarmer 11 | . . . 7 4 . Sentry 2 | . . . 2 . . Assembled 5 | . . . . . 5 Best Kill Streak 10 | 1 . . 10 4 5 Combat Bots Only 9 | . . . 9 4 5 Max Kills in Single Turn 5 | 1 . . 2 2 5 Gunslinging 1 | . . . 1 1 . Exploded 5 | . . . 2 . 5 Melee . | . . . . . . Uniques/NPCs Destroyed . | . . . . . . Combat | -11 -10 -10 -9 -9 -9 -------- Run | Yrd Mat Min Mat Min Exi Hostile Shots Fired 137 | . . . 57 8 72 Missed 35 | . . . 20 1 14 Damage Taken 1787 | . . . 474 51 1262 Core 405 | . . . 80 . 325 Absorbed by Shields . | . . . . . . Core Remaining (%) 100 | 100 . 100 . . . Volleys Fired 31 | 6 . . 16 5 4 Largest 3 | 2 . . 3 3 3 Hottest 83 | 40 . . 69 69 83 Shots Fired 75 | 12 . . 40 15 8 Gun 65 | 12 . . 36 15 2 Cannon . | . . . . . . Launcher 10 | . . . 4 . 6 Special . | . . . . . . Kinetic 65 | 12 . . 36 15 2 Thermal . | . . . . . . Explosive 10 | . . . 4 . 6 Electromagnetic . | . . . . . . Robot Hit Streak 6 | 5 . . 6 3 6 Robot Miss Streak 4 | 2 . . 4 3 1 Penetration Max . | . . . . . . Secondary Targets 4 | . . . 2 2 . Max Gunslinging Chain 1 | . . . 1 1 . Shots Hit Robots 48 | 8 . . 20 8 12 Core Hits 31 | 3 . . 13 4 11 Critical Kills . | . . . . . . Critical Parts Destroyed . | . . . . . . Critical Strikes 1 | . . . . . 1 Sever 1 | . . . . . 1 Melee Attacks 11 | . . . . . 11 Impact . | . . . . . . Slashing 11 | . . . . . 11 Piercing . | . . . . . . Sneak Attacks 1 | . . . . . 1 Combat Hostiles . | . . . . . . Follow-up Attacks . | . . . . . . Damage Inflicted 1521 | 102 . . 628 115 676 Guns 515 | 102 . . 266 115 32 Cannons . | . . . . . . Explosions 745 | . . . 362 . 383 Melee 261 | . . . . . 261 Ramming . | . . . . . . Kinetic 515 | 102 . . 266 115 32 Thermal . | . . . . . . Explosive 745 | . . . 362 . 383 Electromagnetic . | . . . . . . Impact . | . . . . . . Slashing 261 | . . . . . 261 Piercing . | . . . . . . Highest Corruption . | . . . . . . Average Corruption . | . . . . . . Corruption Purged . | . . . . . . Corruption Blocked . | . . . . . . Overload Shots . | . . . . . . Overflow Damage 6 | . . . . . 6 Projectiles . | . . . . . . Explosions 6 | . . . . . 6 Melee . | . . . . . . Knockbacks . | . . . . . . Impact . | . . . . . . Kinetic . | . . . . . . Secondary . | . . . . . . Self-Inflicted Damage 334 | . . . 78 . 256 Shots 8 | . . . 2 . 6 Rammed . | . . . . . . Targets Rammed . | . . . . . . Kicked . | . . . . . . Crushed . | . . . . . . Highest Temperature 45 | . . . 45 41 14 Average Temperature 16 | . . . 17 19 6 Received Heat Transfer 281 | . . . 81 . 200 Siege Activations . | . . . . . . Robots Corrupted . | . . . . . . Combat Hostiles . | . . . . . . Parts Fried . | . . . . . . Impact Corruptions . | . . . . . . Robots Melted . | . . . . . . Combat Hostiles . | . . . . . . Parts Melted . | . . . . . . Heat Transferred . | . . . . . . Parts Sabotaged . | . . . . . . Parts Stolen . | . . . . . . Parts Stripped . | . . . . . . Power Chain Reactions . | . . . . . . Alert | -11 -10 -10 -9 -9 -9 ------- Run | Yrd Mat Min Mat Min Exi Peak Influence 404 | 10 21 7 404 247 . Initial 157 | . 6 7 2 157 . Average 97 | 4 6 7 150 175 . Maximum Alert Level 2 | . . . 2 1 . Low Security (%) 82 | 100 100 100 64 80 . Level 1 9 | . . . 12 20 . Level 2 8 | . . . 23 . . Level 3 . | . . . . . . Level 4 . | . . . . . . Level 5 . | . . . . . . High Security . | . . . . . . Max Security . | . . . . . . Squads Dispatched 1 | . . . 1 . . Investigation . | . . . . . . Extermination . | . . . . . . Reinforcement 1 | . . . 1 . . Assault . | . . . . . . Garrison . | . . . . . . Intercept . | . . . . . . Searches Triggered . | . . . . . . Construction Impeded . | . . . . . . Haulers Reinforced . | . . . . . . Active Scanning Responses . | . . . . . . Cargo Convoy Interrupts . | . . . . . . Stealth | -11 -10 -10 -9 -9 -9 --------- Run | Yrd Mat Min Mat Min Exi Distress Signals . | . . . . . . Communications Jammed . | . . . . . . Distress Signals . | . . . . . . Times Spotted 29 | . 1 . 16 4 8 Peak Tracking Total 9 | . 1 . 9 4 9 Tactical Retreats 2 | . . . 2 . . Traps | -11 -10 -10 -9 -9 -9 ------- Run | Yrd Mat Min Mat Min Exi Traps Triggered . | . . . . . . Indirectly . | . . . . . . Trap Hack Attempts . | . . . . . . Triggered . | . . . . . . Disarmed . | . . . . . . Reprogrammed . | . . . . . . Reused . | . . . . . . Traps Extracted . | . . . . . . Installed . | . . . . . . Triggered . | . . . . . . Machines | -11 -10 -10 -9 -9 -9 ---------- Run | Yrd Mat Min Mat Min Exi Machines Disabled 2 | . . . 1 . 1 Max in Single Turn 1 | . . . 1 . 1 Machines Repaired . | . . . . . . Machines Dismantled . | . . . . . . Machines Sabotaged . | . . . . . . Overloaded Fab Kills . | . . . . . . Hacking | -11 -10 -10 -9 -9 -9 --------- Run | Yrd Mat Min Mat Min Exi Machines Accessed 5 | . 1 1 3 . . Terminals 4 | . 1 . 3 . . Fabricators . | . . . . . . Repair Stations . | . . . . . . Recycling Units . | . . . . . . Scanalyzers . | . . . . . . Garrison Access . | . . . . . . Total Hacks 16 | . 2 1 13 . . Successful 7 | . 1 1 5 . . Failed 8 | . 1 . 7 . . Catastrophic 1 | . . . 1 . . Database Lockouts 1 | . . . 1 . . Manual 6 | . . . 6 . . Terminals 15 | . 2 . 13 . . Fabricators . | . . . . . . Repair Stations . | . . . . . . Recycling Units . | . . . . . . Scanalyzers . | . . . . . . Garrison Access . | . . . . . . Terminal Hacks 7 | . 1 1 5 . . Prototype ID Bank 4 | . 1 . 3 . . Open Door 1 | . . 1 . . . Locate Traps 1 | . . . 1 . . Registered Components 1 | . . . 1 . . Fabricator Hacks . | . . . . . . Repair Station Hacks . | . . . . . . Recycling Unit Hacks . | . . . . . . Scanalyzer . | . . . . . . Garrison Access Hacks . | . . . . . . Unauthorized Hacks . | . . . . . . Terminals . | . . . . . . Fabricators . | . . . . . . Repair Stations . | . . . . . . Recycling Units . | . . . . . . Scanalyzers . | . . . . . . Garrison Access . | . . . . . . Data Cores Recovered . | . . . . . . Used . | . . . . . . Hacking Detections 4 | . 1 . 3 . . Full Trace Events . | . . . . . . Feedback Events . | . . . . . . Feedback Blocked . | . . . . . . Robot Schematics Acquired . | . . . . . . Robots Built . | . . . . . . Authchips . | . . . . . . Time . | . . . . . . Total Robot Build Rating . | . . . . . . Part Schematics Acquired . | . . . . . . Parts Built . | . . . . . . Authchips . | . . . . . . Time . | . . . . . . Total Part Build Rating . | . . . . . . Parts Repaired . | . . . . . . Time . | . . . . . . Parts Recycled . | . . . . . . Recycled Matter . | . . . . . . Retrieved Matter . | . . . . . . Retrieved Components . | . . . . . . Parts Scanalyzed . | . . . . . . Part Schematics Acquired . | . . . . . . Parts Damaged . | . . . . . . Bothacking | -11 -10 -10 -9 -9 -9 ------------ Run | Yrd Mat Min Mat Min Exi Used RIF Installer . | . . . . . . Robots Hacked . | . . . . . . Non-combat . | . . . . . . Combat . | . . . . . . Robot Hacks Applied . | . . . . . . Relay Couplers Released . | . . . . . . Fabnet Peak Effective % . | . . . . . . Robots Rewired . | . . . . . . Allies Hacked . | . . . . . . Hacks Repelled . | . . . . . . Allies | -11 -10 -10 -9 -9 -9 -------- Run | Yrd Mat Min Mat Min Exi Total Allies . | . . . . . . Largest Group . | . . . . . . Highest-Rated Group . | . . . . . . Highest-Rated Ally . | . . . . . . Total Orders 1 | . . . 1 . . EXPLORE 1 | . . . 1 . . Ally Attacks . | . . . . . . Total Damage . | . . . . . . Kills . | . . . . . . Allies Corrupted . | . . . . . . Allies Melted . | . . . . . . Intel | -11 -10 -10 -9 -9 -9 ------- Run | Yrd Mat Min Mat Min Exi Robot Analysis Total . | . . . . . . Derelict Logs Recovered . | . . . . . . Drone Launches 16 | . . . 16 . . Drone Recoveries . | . . . . . . Exploration | -11 -10 -10 -9 -9 -9 ------------- Run | Yrd Mat Min Mat Min Exi Turns Passed 1093 | 153 91 157 351 235 106 Spaces Moved 571 | 75 51 97 171 137 40 Core 1 | 1 . . . . . Treads 570 | 74 51 97 171 137 40 Legs . | . . . . . . Wheels . | . . . . . . Hover . | . . . . . . Flight . | . . . . . . Fastest Speed 50 | 50 160 160 160 160 160 Average Speed 159 | 158 160 160 160 160 160 Slowest Speed 160 | 160 160 160 160 160 160 Overloaded Moves . | . . . . . . Propulsion Burnouts . | . . . . . . Robots Hopped . | . . . . . . Cave-ins Triggered . | . . . . . . Exploration Rate (%) 22 | 5 9 32 39 40 12 Regions Visited 5 Branch Regions 3 Pre-discovered Areas . | . . . . . . Known Exits Taken . | . . . . . . Unknown Exits Taken 5 | 1 1 1 1 1 . Scrap Searched 1 | . . 1 . . . Spaces Dug . | . . . . . . Terrain Destroyed 88 | . . . 31 . 57 Melee . | . . . . . . Projectile . | . . . . . . AOE 88 | . . . 31 . 57 Terrain Rammed . | . . . . . . Walls Destroyed . | . . . . . . Machines Disabled . | . . . . . . Actions | -11 -10 -10 -9 -9 -9 --------- Run | Yrd Mat Min Mat Min Exi Total 680 | 94 62 100 219 142 63 Wait 9 | 4 . . 3 . 2 Move 566 | 74 50 96 170 136 40 Hop . | . . . . . . Pick Up 19 | 3 6 2 7 1 . Fast Attach 9 | 7 . . 2 . . Attach 8 | . . . 4 . 4 Detach . | . . . . . . Swap 11 | . 2 . 7 . 2 Drop 16 | . 4 2 10 . . Fire 31 | 6 . . 16 5 4 Melee 11 | . . . . . 11 Ram . | . . . . . . Kick . | . . . . . . Crush . | . . . . . . Escape Stasis . | . . . . . . Rewire . | . . . . . . Trap . | . . . . . . Miscellaneous . | . . . . . . Route ------- -11/Scrapyard -10/Materials -10/Mines -9/Materials (discovered 2 exits: [*Mat] / [*Min]) -9/Mines (discovered 2 exits: [*Mat] / [*Exi]) -9/Exiles History --------- Turn | Location | Event 11 | -11/Scrapyard | Discovered new exit (range 15) 154 | -11/Scrapyard | Entered Materials 154 | -10/Materials | Discovered new exit (range 7) 245 | -10/Materials | Entered Mines 316 | -10/Mines | Build established: Mutant 325 | -10/Mines | Found a damaged Exp. Sensor Array with a note attached 329 | -10/Mines | Found Prototype Device 341 | -10/Mines | Discovered new exit (range 10) 372 | -10/Mines | Found the Drone Emporium 380 | -10/Mines | Found Prototype Device 402 | -10/Mines | Entered Materials 402 | -9/Materials | Evolved 2 slots: Utility x1, Weapon x1 435 | -9/Materials | Identified Decoy Drone Bay 475 | -9/Materials | Discovered new exit (range 61) 478 | -9/Materials | Discovered new exit (range 36) 499 | -9/Materials | Central database locked down 692 | -9/Materials | Destroyed 9 combat bots 753 | -9/Materials | Entered Mines 765 | -9/Mines | Met a Derelict bent on vengeance 896 | -9/Mines | Discovered new exit (range 10) 970 | -9/Mines | A weapon hastily lodged in a ceiling crevice suddenly fell to the ground 982 | -9/Mines | Deemed a non-threat by the Exiles lab entrance 982 | -9/Mines | Discovered new exit (range 5) 988 | -9/Mines | Entered Exiles 999 | -9/Exiles | Build established: Scavenger-Tank 1028 | -9/Exiles | Met 8R-AWN 1057 | -9/Exiles | Attacked by the Exiles 1081 | -9/Exiles | Core integrity fell below 50% 1088 | -9/Exiles | Core integrity fell below 20% 1094 | -9/Exiles | Destroyed by 8R-AWN with 8R-AWN's Boregun Last Messages --------------- 01083_ Penetrated by HV Slug. 01083_ HV Slug penetrates as-04924. 01083_ as-84486 destroyed. 01083_ as-02163 destroyed. 01083_ as-04924 destroyed. 01083_ as-72800 destroyed. 01083_ as-36963 destroyed. 01085_ Penetrated by HV Slug. 01085_ Critical hit (Destroy). 01085_ Imp. Treads destroyed. 01085_ Penetrated by HV Slug. 01087_ The unstable cave ceiling collapses. 01087_ Penetrated by HV Slug. 01089_ HV Slug penetrates Wall. 01091_ Mni. Grenade Launcher destroyed. 01091_ Destroyed Mni. Grenade Launcher. 01092_ Penetrated by HV Slug. 01092_ Critical hit (Destroy). 01092_ Mni. Grenade Launcher destroyed. 01094_ Penetrated by HV Slug. Map ----- +----------------------------------------------------+ | ?????????????????????????????????????????????????? | | ?????????????????????????????????????????????????? | | ?????????????????????????????????????????????????? | | ?????????????????????????????????????????????????? | | ?????????????????????????????????????????????????? | | ?????????????????????????????????????????????????? | | ?????????????????????????????????????????????????? | | ?????????????????????????????????????????????????? | | ?????????????????????????????????????????????????? | | ?????????????????????????????????????????????????? | | ?????????????????????????????????????????????????? | | ?????????????????????????????????????????????????? | | ?????????????????????????????????????????????????? | | ?????????????????????????????????????????????????? | | ?????????????????????????????????????????????????? | | ?????????????????????????????????????????????????? | | ?????????????????????????????????????????????????? | | ?????????????????????????????????????????????????? | | ??????????????????????#####??????????????????????? | | ????????????????????### ##?????????????????? ?? | | ???????????????????## ###???????????????# # | | ???????????????????# #?????????????## # | | ???????????????????# ##????????????# | | ???????????????????# #????????????# | | ???????????????????# g #???????????## | | ???????????????????# @ #???????????## #? | | ???????????????????## #??????????# #? | | ???????????????????# ##????????### #?? | | ???????????????????# ########## #?? | | ??????????????????## #""""## #??? | | ??????????????????# * ##?? | | ??????????? #; * #?? | | ???????? ##;# ##? | | ????????? ""?#;"""""###; ## | | ????????? #"""#??;######??#### * | | ?????????? #####??? ???????????##### | | ?????????? #???????? ???????????????### | | ?????????? ?????????? ?????????????????### | | ??????????? "??????????? ???????????????????### | | ????????????????????????? ????????????????????#" | | ????????????????????????? ????????????????????#### | | ?????????????????????????????????????????????????# | | ?????????????????????????????????????????????????# | | ?????????????????????????????????????????????????? | | ?????????????????????????????????????????????????? | | ?????????????????????????????????????????????????? | | ?????????????????????????????????????????????????? | | ?????????????????????????????????????????????????? | | ?????????????????????????????????????????????????? | | ?????????????????????????????????????????????????? | +----------------------------------------------------+ Best States ------------- Heat Dissipation 28 Energy Generation 12 Energy Capacity 265 Matter Stores 282 Matter Capacity 300 Sight Range 16 Terrain Scan Density 10 Armor Coverage 300 Evasion (%) 40 Recoil Reduction 2 Item Schematics ----------------- None Robot Schematics ------------------ None Fabricated ------------ Nothing Alien Tech Used ----------------- None Achievements -------------- None Challenges ------------ None Game ------ Seed VortexCentriumBlade Manual? 0 Play Time 00:10:08 Cumulative 291.4 hours Start 2024.07.12 @ 21:07:22 End 2024.07.12 @ 21:16:06 Sessions 1 Manual Loads 0 Difficulty Rogue Special Mode None Game No. 284 Rogue 279 Adventurer 5 Explorer 0 Win Type - Total 5 Types 4/0/0/1/0/0/0/0/0 Lore% 68 Gallery% 84 Achievement% 65 Wizard Run 0 Options --------- Layout 1 ASCII 0 Keyboard 0 Movement Arrows Keybinds 0 Fullscreen 1 Font 24/Smallcaps Map View 50x35 Zoom Use 0% Tactical HUD 1 Map Filters NONE Filters NONE Steam 1 RUN: 57daac7c-30f6-423c-9cc0-56b4d9fbf264